 Dungeon Crawl Stone Soup version 0.29-a0-319-gad05b8d819 (webtiles) character file.

Game seed: 2704499474620723220

15 Rohain the Sneak (level 2, -1/28 HPs)
             Began as a Mayflytaur Delver on Apr 2, 2022.
             Slain by an ice beast (2 damage)
             ... on level 5 of the Dungeon.
             The game lasted 00:00:33 (53 turns).

Rohain the Sneak (Mayflytaur Delver)                  Turns: 53, Time: 00:00:34

Health: -1/28      AC:  3    Str: 13    XL:     2   Next: 50%
Magic:  3/3        EV: 12    Int: 11    God:
Gold:   0          SH:  0    Dex: 15    Spells: 1/1 levels left

rFire   . . .      SeeInvis .   a - +0 spear
rCold   . . .      Faith    .   (no shield)
rNeg    . . .      Spirit   .   b - +0 leather armour
rPois   .          Reflect  .   (no helmet)
rElec   .          Harm     .   (no cloak)
rCorr   .          Rampage  .   (no gloves)
Will    .....                   (no boots)
Stlth   +++.......              (no amulet)
HPRegen 0.09/turn               (no ring)
MPRegen 0.08/turn               (no ring)

@: flying, hasted, bezotted, very quick
A: damage resistance, big wings, sense surroundings 1, short lifespan
a: no special abilities


You were on level 5 of the Dungeon.
You visited 1 branch of the dungeon, and saw 1 of its levels.

Inventory:

Hand Weapons
 a - a +0 spear (weapon)
Armour
 b - a +0 leather armour (worn)
Wands
 g - a wand of digging (3)
Scrolls
 c - a scroll of fog
 d - a scroll of magic mapping
 e - a scroll of fear


   Skills:
 + Level 3.5 Fighting
 + Level 3.1 Polearms
 + Level 2.5 Dodging
 + Level 6.2 Stealth


You had one spell level left.
You didn't know any spells.
Your spell library was empty.

Dungeon Overview and Level Annotations

Branches:
Dungeon (5/15)
 Temple: D:4-7

Altars:
Xom

Annotations:
D:5 3 runed translucent doors, CowFu's ghost, weakling DjNe


Innate Abilities, Weirdness & Mutations

You are resistant to damage.
Your large and strong wings let you fly.
You passively map a small area around you.
You are easily found by Zot.


Message History

The ice beast freezes you.
You hit the jelly.
Your hands burn!
* * * LOW HITPOINT WARNING * * *
The jelly is almost dead.
The hound bites the jelly.
The jelly dies!
The black bear barely misses you. The black bear closely misses you.
The black bear barely misses you.
The ice beast hits you but does no damage.
Your Polearms skill increases to level 3!
You have reached level 2!
You hit the ice beast.
The ice beast is lightly wounded.
The hound closely misses the ice beast.
The black bear bites you.
* * * LOW HITPOINT WARNING * * *
The black bear barely misses you. The black bear claws you.
* * * LOW HITPOINT WARNING * * *
The hound falls into the water!
The hound drowns.
The ice beast barely misses you.
Okay, then.
You're already flying!
The white imp laughs crazily.
The black bear attacks as you move away!
The black bear barely misses you. x2; The black bear claws you.
* * * LOW HITPOINT WARNING * * *
You hear the slow hiss of a distant avalanche of sand.
The black bear attacks as you move away!
The black bear closely misses you.
The black bear claws you but does no damage.
The black bear claws you.
You hit the black bear.
The black bear is moderately wounded.
The black bear closely misses you. The black bear barely misses you.
The black bear misses you.
You feel yourself speed up. The black bear misses you.
The black bear closely misses you. The black bear claws you.
* * * LOW HITPOINT WARNING * * *
The ice beast hits you.
You die...

#...##.####..##### *
#................#
#.........#.####.# ,
,#.........#..###.######
#......l..............#
,,
#.###.5##.......$.....#
#..##..#########..#
#Yh##..#o.oW...#..# ,
#.@##..#....h..#..# * *
..####......+......5#..#
,
.......>....+.....(.#..#
≈≈ ,
.#####......+.....)W#..#
* #......#.....o.#..# ,
*##......#.......#..# ,
..........#########..#
#######..............# ≈
* #..............#


You could see a black bear, an ice beast, an iguana and a white imp.

Vanquished Creatures (others)
  A scorpion (D:5)
  A hound (D:5)
  A jelly (D:5)
  2 orcs (D:5)
5 creatures vanquished.

Notes
Turn   | Place    | Note
-------+----------+-------------------------------------------
     0 | D:5      | Rohain the Mayflytaur Delver began the quest for the Orb.
     0 | D:5      | Reached XP level 1. HP: 21/21 MP: 2/2
     0 | D:5      | Noticed a necrophage
     1 | D:5      | Noticed CowFu's ghost (weakling DjNe)
     3 | D:5      | Noticed a howler monkey
    31 | D:5      | Noticed a hound
    31 | D:5      | Noticed a black bear
    32 | D:5      | Noticed an ice beast
    32 | D:5      | Noticed a scorpion
    32 | D:5      | Noticed a jelly
    33 | D:5      | Noticed an iguana
    34 | D:5      | Found a shimmering altar of Xom.
    38 | D:5      | Killed a jelly
    39 | D:5      | Reached XP level 2. HP: 6/28 MP: 3/3
    46 | D:5      | Killed a scorpion
    53 | D:5      | HP: 1/28 [black bear (2)]
    53 | D:5      | Slain by an ice beast

Illustrated notes

Levels and vault maps discovered:
D:5:      layout_basic, xom_confusion_cloud, mainiacjoe_overflow_paths,
          gammafunk_ghost_split, nicolae_ossuary_entry_giza, uniq_eustachio

Skill      XL: |  1 |
---------------+----+-----
Polearms       | 3 |  3.1
Fighting       | |  3.5
Dodging        | |  2.5
Stealth        | |  6.2

Action                   || total
-------------------------++-------
Melee: Spear             ||     6
  Use: Potion            ||     1
 Stab: Confused          ||     1
Armor: Leather armour    ||     6
Dodge: Dodged            ||    18

Table legend: (Time is in decaauts)
 A = Elapsed time spent in this place.
 B = Non-inter-level travel time spent in this place.
 C = Inter-level travel time spent in this place.
 D = Time resting spent in this place.
 E = Time spent auto-exploring this place.
 F = Levels seen in this place.
 G = Mean time per level.
                   A        B        C        D        E       F      G
               +--------+--------+--------+--------+--------+-----+--------+
         Total |     53 |     53 |      0 |      0 |      0 |   1 |   53.0 |
       Dungeon |     53 |     53 |      0 |      0 |      0 |   1 |   53.0 |
               +--------+--------+--------+--------+--------+-----+--------+

Top non-repeatable levels by time:
     D:5: 53 daAuts
